 Dungeon Crawl Stone Soup version 0.29.1-2-gbd0b4ee654 (webtiles) character file.

Game seed: 2519820227214165412

96 Sabo the Chopper (level 4, 0/46 HPs)
             Began as an Ogre Gladiator on Oct 31, 2022.
             Slain by an orc
             ... wielding a +0 whip of electrocution
              (14 damage)
             ... on level 3 of the Dungeon.
             The game lasted 00:08:59 (2453 turns).

Sabo the Chopper (Ogre Gladiator)                   Turns: 2453, Time: 00:09:00

Health: 0/46       AC:  3    Str: 26    XL:     4   Next: 67%
Magic:  4/4        EV: 10    Int:  9    God:
Gold:   143        SH:  0    Dex: 10    Spells: 3/3 levels left

rFire   . . .      SeeInvis .   t - +6 whip of the Coward {freeze, Fly}
rCold   . . .      Faith    .   (no shield)
rNeg    . . .      Spirit   .   b - +0 robe
rPois   .          Reflect  .   c - +0 hat
rElec   .          Harm     .   (no cloak)
rCorr   .          Rampage  .   (gloves unavailable)
Will    .....                   (boots unavailable)
Stlth   +.........              s - amulet of the acrobat
HPRegen 0.15/turn               q - +6 ring of strength
MPRegen 0.09/turn               (no ring)

@: flying
A: large, unfitting armour, tough skin 1
a: no special abilities


You were on level 3 of the Dungeon.
You visited 1 branch of the dungeon, and saw 3 of its levels.

You collected 143 gold pieces.

Inventory:

Hand Weapons
 a - a +2 war axe
 t - the +6 whip of the Coward (weapon) {freeze, Fly}
   (You found it on level 3 of the Dungeon)

   It freezes those it strikes, dealing additional cold damage.
   It can also slow down cold-blooded creatures.
   Fly:       It grants you flight.
Missiles
 d - 3 throwing nets (quivered)
 e - a large rock
Armour
 b - a +0 robe (worn)
 c - a +0 hat (worn)
Jewellery
 q - a +6 ring of strength (left hand)
 r - a ring of wizardry
 s - an amulet of the acrobat (around neck)
Scrolls
 g - a scroll of amnesia {unknown}
 h - a scroll of fog
 i - a scroll of magic mapping
 m - a scroll of teleportation {unknown}
 o - a scroll of fear {unknown}
 p - a scroll of blinking {unknown}
Potions
 f - a potion of berserk rage {unknown}
 j - a potion of curing {unknown}
 k - 2 potions of attraction {unknown}
 l - 2 potions of degeneration {unknown}
 n - a potion of might {unknown}


   Skills:
 + Level 3.6 Fighting
 + Level 4.4 Axes
 + Level 2.1 Throwing
 + Level 3.2 Dodging


You had 3 spell levels left.
You didn't know any spells.
Your spell library was empty.

Dungeon Overview and Level Annotations

Branches:
Dungeon (3/15)

Altars:


Innate Abilities, Weirdness & Mutations

You are too large for most types of armour.
You have tough skin. (AC +1)


Message History

An orc comes into view.
It is wielding a +0 whip of electrocution.
The orc shouts!
You closely miss the orc. The orc hits you but does no damage.
An endoplasm comes into view.
You whack the orc! You freeze the orc.
You kill the orc!
The orc throws a boomerang.
The boomerang closely misses you. The kobold barely misses you.
The hobgoblin hits you but does no damage.
A gnoll comes into view. It is wielding a +0 halberd.
The kobold hits you with a +0 short sword.
The hobgoblin completely misses you.
Things that are here:
a +0 mace; a +0 scale mail; an orc corpse The gnoll shouts!
You whack the hobgoblin! You freeze the hobgoblin.
You kill the hobgoblin!
You hear a shout! x2
The orc barely misses you.
The kobold hits you with a +0 short sword.
The orc misses you.
The orc hits you with a +0 whip of electrocution.
The kobold hits you with a +0 short sword.
The endoplasm freezes you.
You are frozen.
You hit the endoplasm but do no damage.
The orc hits you with a +0 whip of electrocution.
The kobold closely misses you. The endoplasm hits you.
You hit the endoplasm. You freeze the endoplasm.
Your punch misses the endoplasm.
The endoplasm is almost dead.
The gnoll hits you from afar with a +0 halberd!
The orc hits you with a +0 whip of electrocution.
The kobold closely misses you. The endoplasm freezes you.
You are frozen.
You closely miss the orc. The gnoll barely misses you.
The orc hits you with a +0 whip of electrocution.
You are electrocuted!
You die...

#.# #.# #.# # ##.## #.#
#. #...# #.# #.#
#.##...### #.# #.#
#........# #.### #.#
#.......)# #...# #.#
#..g.J...# ###.# #.#
#.##o@.# #.#
#######.###.##K..#.#
#.#
............#).....#
#.#
.........)...†######
#.# #######.####### #.#
#.###################.#
#...........†.........#
#######################


You could see a gnoll, an orc, an endoplasm and a kobold.

Vanquished Creatures
  3 adders (D:2)
  2 worms (D:2)
  2 dart slugs
  3 orcs (D:3)
  5 endoplasms
  4 giant cockroaches (D:1)
  2 goblins
  4 hobgoblins
  4 jackals (D:1)
  3 quokkas
  4 ball pythons
  4 bats
  4 frilled lizards
  5 kobolds
  6 rats
55 creatures vanquished.

Notes
Turn   | Place    | Note
-------+----------+-------------------------------------------
     0 | D:1      | Sabo the Ogre Gladiator began the quest for the Orb.
     0 | D:1      | Reached XP level 1. HP: 22/22 MP: 1/1
   365 | D:1      | Reached XP level 2. HP: 22/29 MP: 2/2
   869 | D:1      | Reached XP level 3. HP: 25/37 MP: 3/3
  1741 | D:2      | Reached skill level 4 in Axes
  1745 | D:2      | Reached XP level 4. HP: 31/45 MP: 4/4
  2370 | D:3      | Identified the +0 leather armour "Manokai" {Will+ MP+9
                  | Dex+3 Stlth+}
  2404 | D:3      | Identified the +6 whip of the Coward {freeze, Fly}
  2453 | D:3      | Slain by an orc

Illustrated notes

Levels and vault maps discovered:
D:1:      amcnicky_arrival_single_pillar, layout_loops_ring,
          minmay_worlds_worst_comb
D:2:      layout_basic
D:3:      layout_loops_ring, yredelemnul_forgotten_temple_becter, uniq_sigmund

Skill      XL: |  1  2  3 |
---------------+----------+-----
Fighting       | 3 |  3.6
Dodging        | 3 |  3.2
Axes           | 4 |  4.4
Throwing       | |  2.1

Action                   |  1- 3 |  4- 6 || total
-------------------------+-------+-------++-------
Melee: War axe           |   104 |    24 ||   128
       Whip              |       |    11 ||    11
  Use: Scroll            |     2 |     3 ||     5
 Stab: Sleeping          |       |     1 ||     1
Armor: Robe              |    47 |     8 ||    55
Dodge: Dodged            |    73 |    34 ||   107
